[Event "Late-Titled-Tuesday-Blitz-October-10-2023"]
[Site "Chess.com"]
[Date "2023.10.10"]
[Round "7"]
[White "Inepton_Fermion"]
[Black "Elbebiber"]
[Result "1-0"]
[WhiteElo "2398"]
[BlackElo "2158"]
[TimeControl "180+1"]
[EndTime "15:13:32 PDT"]
[Termination "Inepton_Fermion won by resignation"]

1. Nf3 d5 2. b3 Nf6 3. Bb2 g6 4. c4 c6 5. g3 Bg7 6. Bg2 O-O 7. O-O Ne4 8. Bxg7 Kxg7 9. d3 Nf6 10. Nbd2 Nbd7 11.
d4 Re8 12. cxd5 cxd5 13. e3 Nb6 14. Rc1 Bg4 15. h3 Bxf3 16. Nxf3 Rc8 17. Qd3 a6 18. Rc5 Qd6 19. Rfc1 Ne4 20. R5c2 Rxc2 21. Rxc2 Rc8 22. Ne5 Nf6 23. Rxc8 Nxc8 24. Qc3 Nb6 25. h4 Nfd7 26.
Nd3 e6 27. Nc5 Qc6 28. e4 Kg8 29. e5 Nc8 30. h5 b6 31. Ne4 Qxc3 32. Nxc3 gxh5 33.
Bf3 Kf8 34. Bxh5 Ke7 35. Be2 a5 36. Nb5 Nb8 37. Bd3 h6 38. Kg2 Kf8 39. Kf3 Kg7 40. Ke2 f6 41. f4 fxe5 42. fxe5 Ne7 43. Nd6 Nd7 44. Ke3 Ng6 45. Bb5 Ndf8 46. Bc6 Ne7 47.
Bb7 Kg6 48. Ba6 Kg5 49. Bd3 h5 50. Kf2 Kg4 51. Be2+ Kg5 52. Nf7+ Kg6 53. Nd8 Kg5 54. Bf1 Nfg6 55. Bh3 Kh6 56. Nxe6 Ng8 57. Nc7 Kg7 58. Be6 N6e7 59. Bxd5 Nh6 60. Be6 Ng4+ 61. Bxg4 hxg4 62. d5 Ng6 63. e6 Kf6 64. d6 Ne5 65. e7 Kf7 66.
e8=Q+ Kf6 67. Qe6+ Kg5 68. Qxe5+ Kg6 69. Qf4 1-0

[Event "Late-Titled-Tuesday-Blitz-October-10-2023"]
[Site "Chess.com"]
[Date "2023.10.10"]
[Round "7"]
[White "vladislavkovalev"]
[Black "BigAl"]
[Result "1-0"]
[WhiteElo "2869"]
[BlackElo "2598"]
[TimeControl "180+1"]
[EndTime "15:13:34 PDT"]
[Termination "vladislavkovalev won by resignation"]

1. e4 c6 2. Nf3 d5 3. d3 g6 4. Qe2 Bg7 5. g3 dxe4 6. dxe4 e5 7.
Bg2 Qc7 8. O-O Nf6 9. Nbd2 O-O 10. Nc4 Nbd7 11. b3 b5 12. Nb2 Nc5 13. Ne1 Ne6 14. c3 b4 15. Bd2 a5 16. Nc2 Ba6 17. Nc4 c5 18. Rfd1 Rfd8 19. N2e3 bxc3 20. Bxc3 Nd4 21. Qe1 Bxc4 22. Nxc4 a4 23. Ba5 Rxa5 24. Qxa5 Qxa5 25.
Nxa5 Nd7 26. Bf1 Ra8 27. Nc4 h5 28. bxa4 Rxa4 29. a3 Kh7 30. Rab1 Nf6 31. Rb7 Nxe4 32. Rxf7 Kg8 33. Rb7 Ng5 34. h4 Ngf3+ 35. Kg2 e4 36.
Re7 Ra8 37. Rxe4 Rf8 38. a4 g5 39. hxg5 Nxg5 40. Re3 h4 41. gxh4 Ngf3 42. Re4 Bf6 43. Rg4+ Kh8 44. Bd3 Nxh4+ 45. Kg3 Ndf5+ 46. Bxf5 Nxf5+ 47. Kg2 Nh4+ 48. Kh3 Kh7 49. a5 Kh6 50. f4 Ng6 51. Kg3 Rb8 52. Rh1+ Kg7 53. f5 Rb3+ 54. Kg2 Kf7 55.
fxg6+ Ke6 56. g7 Bxg7 57. Rxg7 Kd5 58. Rg4 Rb4 59. Rh5+ Kc6 60. Ne5+ Kb5 61. Rxb4+ cxb4 62. Nd3+ 1-0

[Event "Late-Titled-Tuesday-Blitz-October-10-2023"]
[Site "Chess.com"]
[Date "2023.10.10"]
[Round "7"]
[White "Horokoskii"]
[Black "ExchangeAB"]
[Result "0-1"]
[WhiteElo "2122"]
[BlackElo "2499"]
[TimeControl "180+1"]
[EndTime "15:13:37 PDT"]
[Termination "ExchangeAB won by checkmate"]

1. c4 c6 2. e4 d5 3. exd5 cxd5 4. d4 Nf6 5. Nf3 e6 6. Nc3 Bb4 7. cxd5 Nxd5 8. Bd2 Nc6 9. Bd3 Be7 10. O-O O-O 11. a3 b6 12. Rc1 Bb7 13. Qe2 Nxc3 14. bxc3 Re8 15. Rfe1 Bxa3 16. Ra1 Be7 17. Qe4 g6 18.
Qf4 Bd6 19. Qg4 Ne7 20. Bg5 Qc7 21. Ne5 Nf5 22. Rac1 Be7 23. Bxe7 Rxe7 24. h4 Ng7 25. c4 Rd8 26. c5 Bd5 27. cxb6 Qxb6 28. Qg5 Rde8 29.
Ng4 Nh5 30. Rc5 Qb4 31. Qe3 Ba8 32. Rxh5 f5 33. Nh6+ Kf8 34. Rg5 e5 35. d5 e4 36.
Bf1 Bxd5 37. Rd1 Re5 38. Qd4 Qxd4 39. Rxd4 a5 40. Ra4 Kg7 41. Rxa5 Kxh6 42. Rg3 Kg7 43. Rga3 R8e7 44. Rc5 Bf7 45. Raa5 Rxc5 46. Rxc5 Kf6 47. Rc6+ Re6 48. Rc5 h6 49. Rc7 Re7 50. Rc6+ Be6 51. g3 g5 52. hxg5+ hxg5 53. Bc4 Ke5 54. Bxe6 Rxe6 55.
Rc5+ Kf6 56. Rc1 Ra6 57. Kg2 f4 58. gxf4 gxf4 59. Re1 Kf5 60. Rb1 Rg6+ 61. Kf1 Kg4 62. Rb4 Kf3 63. Rb3+ e3 64. fxe3 fxe3 65. Rb2 Ra6 66.
Rb1 Rh6 67. Kg1 Rg6+ 68. Kf1 Rg2 69. Ke1 Rg1# 0-1

[Event "Late-Titled-Tuesday-Blitz-October-10-2023"]
[Site "Chess.com"]
[Date "2023.10.10"]
[Round "7"]
[White "Jospem"]
[Black "iturrizaga"]
[Result "1-0"]
[WhiteElo "3133"]
[BlackElo "3011"]
[TimeControl "180+1"]
[EndTime "15:13:45 PDT"]
[Termination "Jospem won on time"]

1. e4 c5 2. Nf3 e6 3. c3 d5 4. e5 d4 5. g3 Nc6 6. d3 Nge7 7. Qe2 Ng6 8. Bg2 Qc7 9. cxd4 cxd4 10. O-O Be7 11.
Nbd2 O-O 12. Re1 Rd8 13. a3 Rd5 14. Nc4 b5 15. Nd6 Ncxe5 16. Nxe5 Rxe5 17. Qd1 Rxe1+ 18. Qxe1 Rb8 19. Nxc8 Rxc8 20. Bd2 Qd7 21. h4 h6 22. h5 Nf8 23. Rc1 Nh7 24. Rxc8+ Qxc8 25. Qe4 Qc2 26.
Bf4 Qxb2 27. Qa8+ Nf8 28. Qxa7 Qxa3 29. Qb7 Qc5 30. Bf3 b4 31. Bd1 Bd6 32. Bd2 Qa5 33.
Kf1 Qf5 34. Qf3 Qxf3 35. Bxf3 Nd7 36. Ke2 Kf8 37. Kd1 Ke7 38. Kc2 Ne5 39. Be2 Kd7 40. Kb3 Nc6 41. Ka4 Kc7 42. Kb5 b3 43.
Bc1 Nb4 44. Kc4 Nd5 45. Kxb3 Be5 46. Kc4 Bf6 47. Bf3 Nb6+ 48. Kb5 Nd7 49. Bf4+ Be5 50. Bd2 Bd6 51. Be2 Ne5 52. Ba5+ Kd7 53. Bd2 Ke7 54. f4 Nd7 55. Kc4 Bc5 56. Bf3 Ba7 57. Bd1 Nf6 58.
Bf3 Nd7 59. Bb4+ Kd8 60. Kb5 Nf6 61. Kc6 Bb8 62. Bc5 Bc7 63. Bxd4 Ba5 64. g4 Bd2 65.
Be5 Ke7 66. Bd6+ Ke8 67. Kc7 Nd5+ 68. Bxd5 exd5 69. Kc6 d4 70. Kd5 Be3 71. Be5 f6 72. Bb8 Kf7 73. f5 Ke7 74. Bd6+ Ke8 75. Bc5 Bf4 76. Bxd4 Bb8 77. Ke6 Bc7 78. Bc5 Bd8 79.
d4 Bc7 80. d5 Be5 81. d6 1-0

[Event "Late-Titled-Tuesday-Blitz-October-10-2023"]
[Site "Chess.com"]
[Date "2023.10.10"]
[Round "7"]
[White "Semetey"]
[Black "German_Bazeev"]
[Result "0-1"]
[WhiteElo "2553"]
[BlackElo "2805"]
[TimeControl "180+1"]
[EndTime "15:13:57 PDT"]
[Termination "German_Bazeev won on time"]

1. d4 Nf6 2. c4 e6 3. Nc3 Bb4 4.
Bd2 O-O 5. Nf3 b6 6. e3 Bb7 7. Bd3 Bxc3 8. Bxc3 Ne4 9. Qc2 f5 10. O-O d6 11. Nd2 Nxc3 12. Qxc3 Nd7 13. e4 e5 14.
exf5 exd4 15. Qxd4 Nc5 16. Bc2 a5 17. Rae1 Qg5 18.
f3 Rae8 19. a3 a4 20. Ne4 Bxe4 21. Bxe4 Kh8 22. g3 h6 23. Kg2 Re7 24. h4 Qf6 25.
Qxf6 gxf6 26. Bc2 Rfe8 27. Kf2 Re5 28. f4 Ne4+ 29. Kg2 R5e7 30. Re2 Nc5 31. Rxe7 Rxe7 32. Kf3 h5 33. Kf2 Ne4+ 34. Bxe4 Rxe4 35. Rc1 Kg7 36. Rc3 Kf7 37. Rc2 Rd4 38. Ke3 Rd1 39. Re2 Rg1 40. Kf2 Rc1 41. g4 hxg4 42. Kg3 Rxc4 43. Kxg4 Rc1 44.
Kh5 d5 45. Rd2 c6 46. Kh6 Rf1 47. h5 Rxf4 48. Kh7 Rxf5 49. h6 Rh5 50. Rg2 d4 51.
Rg7+ Ke6 52. Rc7 c5 53. Rc6+ Kd5 54. Rxf6 b5 55. Kg6 Rh2 56. Rf5+ Kc4 57. Rh5 Rxh5 58. Kxh5 d3 59. h7 d2 60. h8=Q d1=Q+ 61. Kg5 Qd5+ 62. Kg6 Qe4+ 63. Kg5 Qg2+ 64. Kf5 Qf3+ 65. Kg5 Kb3 66. Qe5 Qg2+ 67. Kf5 Qc2+ 68. Ke6 Qc4+ 0-1

[Event "Late-Titled-Tuesday-Blitz-October-10-2023"]
[Site "Chess.com"]
[Date "2023.10.10"]
[Round "7"]
[White "tjallkompall"]
[Black "angryspacevoid"]
[Result "1-0"]
[WhiteElo "2756"]
[BlackElo "2547"]
[TimeControl "180+1"]
[EndTime "15:14:05 PDT"]
[Termination "tjallkompall won on time"]

1. c4 e5 2. g3 c6 3. Bg2 d5 4.
cxd5 cxd5 5. d4 Bb4+ 6. Bd2 Bxd2+ 7. Qxd2 exd4 8. Nf3 Nf6 9. Nxd4 O-O 10. Nc3 Nc6 11. O-O Re8 12. Rfd1 Ne5 13. b3 Bg4 14. h3 Bh5 15. g4 Bg6 16. f4 Nexg4 17. hxg4 Nxg4 18. Nf3 Ne3 19. Nxd5 Nxd1 20. Rxd1 Rc8 21. Ne5 Bh5 22. Qd3 Qh4 23. Nf3 Qg4 24. e4 Bg6 25. f5 Bh5 26. Re1 h6 27. Kf2 f6 28. Ne3 Qxe4 29. Qd7 Rcd8 30. Qb5 Bxf3 31. Bxf3 Rd2+ 32. Kg3 Qe7 33. Qc4+ Kh8 34. Bh5 Qd6+ 35. Qf4 Rd8 36.
Qxd6 R2xd6 37. Bf3 Rd3 38. Bxb7 Re8 39. Kf3 h5 40.
Be4 Rd4 41. Bc2 Rh4 42. Kg3 Rd4 43. Kf3 Rh4 44. Kg3 Rd4 45. Kf2 Rd2+ 46. Re2 Rxe2+ 47. Kxe2 h4 48. Kf2 h3 49. Bd1 h2 50. Bf3 Rd8 51. Nf1 Rc8 52. Nxh2 Rc2+ 53. Be2 Rxa2 54.
Nf3 Rb2 55. Nd4 a5 56. Ke3 Kg8 57. Bc4+ Kf8 58. Kd3 Rh2 59. Ne6+ Kg8 60. Nf4+ Kh7 61. Kc3 Rh4 62. Ne6 Rh3+ 63. Kb2 g6 64. Nf8+ Kg7 65.
Nxg6 Rf3 66. Be6 Kh6 67. Ka3 Kg5 68. Ka4 Rf1 69. Kxa5 Ra1+ 70. Kb5 Re1 71. b4 Re4 72. Kc5 Re1 73. b5 Rc1+ 74. Kd6 Rb1 75. Kc6 Rc1+ 76. Kb7 Kg4 77. b6 Kf3 78. Kb8 Ke4 79. b7 Kd4 80.
Ka7 1-0

[Event "Late-Titled-Tuesday-Blitz-October-10-2023"]
[Site "Chess.com"]
[Date "2023.10.10"]
[Round "7"]
[White "K_A_S_T_O_R"]
[Black "MKlose11"]
[Result "1/2-1/2"]
[WhiteElo "2879"]
[BlackElo "2640"]
[TimeControl "180+1"]
[EndTime "15:14:06 PDT"]
[Termination "Game drawn - insufficient material"]

1. e4 e6 2. d4 d5 3. Nc3 Bb4 4. e5 Ne7 5. Bd2 b6 6. Bb5+ c6 7. Ba4 O-O 8. Nce2 Bxd2+ 9. Qxd2 c5 10. c3 Ba6 11. Nf3 Nbc6 12. O-O Rc8 13. Rfc1 Bxe2 14. Qxe2 Nf5 15. Qd2 Nh4 16. Ne1 Nf5 17. Nf3 Nh4 18.
Nxh4 Qxh4 19. g3 Qg4 20. Bd1 Qh3 21. f4 h5 22. Qf2 g6 23. Be2 Kg7 24. dxc5 bxc5 25.
Qxc5 h4 26. Qf2 hxg3 27. Qxg3 Qh6 28. Bd3 Rh8 29. Rf1 Qh4 30. Rae1 Rb8 31. Re2 Rh6 32. Rg2 Rbh8 33. b4 Qxg3 34. hxg3 Rc8 35. Rc2 Rch8 36. Kg2 Rh2+ 37. Kf3 Rxc2 38. Bxc2 Rh2 39. Rf2 Rh1 40. Ba4 Ne7 41. Bb5 Rg1 42. Rc2 Nf5 43. Kf2 Rxg3 44. Be2 Rh3 45. b5 Rh2+ 46. Kg1 Rh8 47. c4 Nd4 48. Rd2 Nxe2+ 49. Rxe2 dxc4 50. Rc2 Rc8 51. Kf2 g5 52. fxg5 Kg6 53. Ke3 Kxg5 54. Kd4 Kf5 55. Rf2+ Kg6 56. a4 c3 57. Rc2 Kf5 58. a5 f6 59.
exf6 Kxf6 60. Rxc3 Rb8 61. Rc5 Ke7 62. Ke5 Kd7 63.
Kd4 Rh8 64. Rg5 Kd6 65. Rg4 Rh5 66. Kc4 Rc5+ 67. Kb4 Rd5 68. Rc4 Rd1 69. Rc6+ Kd7 70. Ra6 Rb1+ 71. Kc4 Rc1+ 72. Kd3 Rc7 73. Kd4 Rb7 74.
Kc5 Rc7+ 75. Kb4 Rb7 76. Rc6 Rc7 77. Ra6 Rb7 78. Kc4 Rc7+ 79. Kd4 Rb7 80. b6 axb6 81. axb6 Kc6 82. Ke5 Rxb6 83. Rxb6+ Kxb6 84. Kxe6 1/2-1/2

[Event "Late-Titled-Tuesday-Blitz-October-10-2023"]
[Site "Chess.com"]
[Date "2023.10.10"]
[Round "7"]
[White "Battever"]
[Black "rychessmaster1"]
[Result "1/2-1/2"]
[WhiteElo "2525"]
[BlackElo "2694"]
[TimeControl "180+1"]
[EndTime "15:14:07 PDT"]
[Termination "Game drawn - insufficient material"]

1. Nf3 d5 2. e3 Nf6 3. b3 Bg4 4. h3 Bxf3 5. Qxf3 e5 6. Bb2 Nbd7 7. c4 c6 8. cxd5 cxd5 9. Nc3 e4 10. Qf5 g6 11. Qg5 Bg7 12. Nxd5 O-O 13. Nxf6+ Nxf6 14. Bc4 a6 15. Rd1 b5 16. Be2 Rc8 17. Bc3 h6 18. Qh4 Nd5 19. Qxd8 Rfxd8 20. Bxg7 Kxg7 21. a4 bxa4 22.
bxa4 Nb4 23. f3 exf3 24. gxf3 Rc2 25. Rg1 Ra2 26. Rg4 a5 27. Bb5 h5 28. Rc4 Nd3+ 29. Ke2 Ne5 30. Rd4 Rc8 31. f4 Nc6 32. Rc4 Ne7 33. Rxc8 Nxc8 34. Rc1 Nb6 35. Rc7 Rb2 36. Ra7 Nd5 37. Rxa5 f6 38. Ra7+ Kh6 39. Kd3 g5 40.
fxg5+ fxg5 41. Rd7 Nf6 42. Rd6 Kg7 43. Ke2 Rb4 44.
Rd4 Rb1 45. Bd3 Ra1 46. Rb4 g4 47. Rb7+ Kf8 48. Rb8+ Ke7 49. Rb7+ Kd6 50. hxg4 hxg4 51. Rb6+ Ke7 52. Rb5 Rxa4 53. Re5+ Kd6 54. Rg5 Nd7 55. Bf5 Ne5 56. d4 Ra2+ 57. Kd1 Nc4 58. Rg6+ Ke7 59.
Bxg4 Nxe3+ 60. Kc1 Nd5 61. Re6+ Kf7 62. Re5 Nf4 63.
Be6+ Nxe6 64. d5 Nc5 65. d6 Nd3+ 66. Kb1 Ra6 67. Rd5 Nf4 68. d7 Ne6 69. d8=Q Nxd8 70.
Rxd8 Ke7 71. Rd2 Rb6+ 72. Rb2 Rc6 73. Rc2 Rd6 74. Kc1 Ke6 75. Re2+ Kf5 76. Rd2 Ra6 77. Kd1 Ke4 78. Re2+ Kf3 79. Rc2 Ra3 80. Kd2 Ke4 81.
Rc4+ Kd5 82. Rc2 Kd4 83. Ke2 Ke4 84. Rc4+ Kd5 85. Rh4 Rc3 86. Kd2 Rc4 87. Rxc4 Kxc4 1/2-1/2

[Event "Late-Titled-Tuesday-Blitz-October-10-2023"]
[Site "Chess.com"]
[Date "2023.10.10"]
[Round "7"]
[White "maximnovik"]
[Black "GianmarcoVaR"]
[Result "0-1"]
[WhiteElo "2467"]
[BlackElo "2673"]
[TimeControl "180+1"]
[EndTime "15:14:08 PDT"]
[Termination "GianmarcoVaR won by resignation"]

1. e4 c5 2. Nf3 d6 3. d4 cxd4 4. Nxd4 Nf6 5. Nc3 a6 6. h3 e6 7.
g4 Be7 8. Bg2 Qc7 9. g5 Nfd7 10.
f4 Nc6 11. Be3 Nb6 12. O-O Nc4 13. Qe2 Nxe3 14. Qxe3 Bd7 15. Kh1 Qb6 16. Rfd1 Rc8 17. Nf5 Qxe3 18. Nxe3 b5 19. Rd2 h6 20. gxh6 Rxh6 21.
a4 b4 22. Ne2 g5 23. Ng4 Rh4 24. f5 exf5 25. exf5 Bxf5 26. Ne3 Bxh3 27. Nd5 Be6+ 28. Kg1 a5 29. Ng3 Ne5 30. b3 f5 31. Rf1 f4 32.
Ne4 Bxd5 33. Rxd5 Rxc2 34. Rf2 Rxf2 35. Kxf2 g4 36. Rxa5 g3+ 37. Kf1 f3 38. Bxf3 Nxf3 39. Kg2 Rxe4 40. Kxf3 Rd4 41. Kxg3 Rd3+ 42. Kf4 Rxb3 43.
Ke4 Kd7 44. Kd5 Rd3+ 45. Kc4 Rd1 46. Ra7+ Ke6 47. Kxb4 d5+ 48. Kc3 Bc5 49. Ra8 Ra1 50. a5 Ra3+ 51. Kb2 Ra4 52. Kb3 Rb4+ 53. Kc3 Rc4+ 54.
Kb3 Ke5 55. a6 Kd4 56. a7 Rb4+ 57. Kc2 Rb7 58. Rh8 Rxa7 59. Rh4+ Ke5 60. Rh5+ Ke4 61. Rh4+ Kf3 62. Rh3+ Kg4 63. Rd3 Rd7 64. Rc3 Bd4 65. Rc6 Be5 66. Kd3 Kf5 67. Rh6 Rg7 68. Rh5+ Rg5 69.
Rh8 Rg3+ 70. Ke2 Ke4 71. Rh4+ Bf4 72. Rh8 Rg2+ 73. Kf1 Rc2 74. Re8+ Kf3 75. Re1 Rc1 76. Rxc1 Bxc1 77. Ke1 Ke3 78. Kd1 d4 79. Kxc1 Ke2 80.
Kc2 d3+ 81. Kc3 d2 0-1

[Event "Late-Titled-Tuesday-Blitz-October-10-2023"]
[Site "Chess.com"]
[Date "2023.10.10"]
[Round "7"]
[White "LeninGuerra"]
[Black "Cheer_Down"]
[Result "1/2-1/2"]
[WhiteElo "2618"]
[BlackElo "2464"]
[TimeControl "180+1"]
[EndTime "15:14:17 PDT"]
[Termination "Game drawn by 50-move rule"]

1. e4 c5 2. Nf3 d6 3. b4 Nf6 4. Bd3 g5 5. Nxg5 Rg8 6. Nf3 Rxg2 7. Bb2 cxb4 8. Qe2 Nc6 9. a3 Qb6 10. axb4 Ng4 11. Rf1 Nxh2 12. Nxh2 Rxh2 13. b5 Nd4 14. Qe3 Bg7 15. c3 Rh3 16. f3 Nxf3+ 17. Rxf3 Rh1+ 18. Rf1 Qxe3+ 19. dxe3 Rh3 20. Bc4 Be6 21. Bxe6 fxe6 22. Ke2 Be5 23. Nd2 Kd7 24. Rh1 Rxh1 25. Rxh1 Rh8 26. Nf3 Bf6 27. Kd3 h5 28. Rh2 h4 29.
c4 Bxb2 30. Rxb2 a6 31. Rh2 axb5 32. cxb5 b6 33. Rxh4 Rg8 34. Rh7 Rg2 35. Nd4 Rb2 36. Kc3 Rb1 37. Kc2 Rb4 38. Kc3 Rb1 39. Rh6 e5 40.
Nf5 Rxb5 41. Rh7 Rc5+ 42. Kb4 Rc1 43. Rxe7+ Kc6 44. Re6 Rb1+ 45. Kc3 Rd1 46. Re8 b5 47.
Rc8+ Kb7 48. Re8 Kc6 49. Ne7+ Kd7 50. Rb8 Kxe7 51. Rxb5 Ke6 52. Rb8 Rc1+ 53. Kd2 Rc6 54. Rh8 Ra6 55. Rh6+ Kd7 56. Ke2 Ra4 57. Kf3 Ra1 58.
Rh7+ Ke6 59. Rb7 Rf1+ 60. Ke2 Rf8 61. Rb5 Rh8 62. Rd5 Rh4 63. Kd3 Rh1 64. Rb5 Rd1+ 65.
Ke2 Ra1 66. Rb8 Rh1 67. Re8+ Kd7 68. Rg8 Ke6 69. Rg6+ Kd7 70. Kf3 Rh3+ 71. Ke2 Rh2+ 72. Kd3 Ra2 73. Kc4 Rc2+ 74. Kd3 Ra2 75. Rg7+ Ke6 76.
Rg8 Ra3+ 77. Ke2 Ra4 78. Kf3 Ra1 79. Rg6+ Kd7 80. Rh6 Ke7 81. Ke2 Kd7 82. Kd3 Ra3+ 83. Ke2 Ra4 84. Kf3 Ra1 85. Rh7+ Kc6 86. Rh6 Rf1+ 87.
Ke2 Rf8 88. Kd3 Ra8 89. Rh7 Ra4 90. Rg7 Rb4 91. Rg8 Rb3+ 92. Ke2 Ra3 93. Rc8+ Kd7 94. Rc1 Ra4 95. Kf3 Ke6 96. Rh1 Ra8 97. Rh6+ Kd7 98. Rh7+ Kc6 99. Rh6 Rf8+ 100. Ke2 Kc5 101. Kd3 1/2-1/2

[Event "Late-Titled-Tuesday-Blitz-October-10-2023"]
[Site "Chess.com"]
[Date "2023.10.10"]
[Round "7"]
[White "chosenpr"]
[Black "azikom"]
[Result "0-1"]
[WhiteElo "2272"]
[BlackElo "2609"]
[TimeControl "180+1"]
[EndTime "15:14:37 PDT"]
[Termination "azikom won by resignation"]

1. e4 Nf6 2. Nc3 d5 3. exd5 Nxd5 4. Bc4 Nb6 5. Bb3 Nc6 6. Nf3 Bf5 7. O-O e6 8. d3 Na5 9. Re1 Be7 10. Bf4 O-O 11.
h3 h6 12. Qe2 Nxb3 13. axb3 a6 14. Ne5 Nd5 15. Nxd5 Qxd5 16. Rad1 Rac8 17. Nc4 Bh7 18. Qg4 Kh8 19. Re5 Qd8 20. Rh5 Bf6 21. Be5 Bxe5 22. Rxe5 b6 23. Re3 a5 24. Rg3 Qf6 25. Re1 Rcd8 26. Ree3 Rd4 27. Qe2 Rd5 28. Ref3 Rf5 29. Rxf5 Bxf5 30. Ne5 Rd8 31. Rf3 Rd5 32. Nc4 Qd8 33. Ne3 Re5 34. Qd2 Bg6 35. Qc3 Rc5 36.
Qd2 Qd4 37. Nc4 Kg8 38. Rf4 Qd8 39. Qe3 Rf5 40. Ne5 Rxf4 41. Qxf4 Qf6 42. Nxg6 Qxg6 43. Qxc7 Qg5 44. Qxb6 Qc1+ 45. Kh2 Qxc2 46. Qd4 Qxb3 47. Qd8+ Kh7 48. Qxa5 Qxb2 49. Qc5 Qe2 50. Qe3 Qd1 51. d4 g6 52. Qf4 Kg7 53. Qe5+ Kg8 54. Qb8+ Kg7 55. Qe5+ Kh7 56. Qf6 Kg8 57. Qd8+ Kg7 58. Qd6 Qd2 59. Qe5+ Kg8 60. Qf6 Qd3 61. Qf4 h5 62.
Qe5 Qd2 63. Qb8+ Kg7 64. Qe5+ Kh7 65. Qf6 Kg8 66. Qd8+ Kg7 67. Qd6 Qxf2 68. Qe5+ Qf6 69.
Qe3 h4 70. Qe1 Qf4+ 71. Kh1 Qxd4 72. Qb1 e5 73. Qe1 Qf4 74. Kg1 e4 75. Qe2 e3 76.
Qb2+ Qf6 77. Qe2 Qf2+ 78. Qxf2 exf2+ 79. Kxf2 Kf6 80. Kf3 g5 81. Ke4 Ke6 82. Kd4 Kf5 83. Ke3 Ke5 84. Kf3 f5 85. g3 hxg3 86. Kxg3 f4+ 87.
Kf3 Kf5 88. Kf2 Ke4 89. Ke2 f3+ 90. Kf2 Kf4 91. Kf1 Kg3 92. Kg1 Kxh3 93. Kf2 g4 0-1

[Event "Late-Titled-Tuesday-Blitz-October-10-2023"]
[Site "Chess.com"]
[Date "2023.10.10"]
[Round "7"]
[White "McCarthyStone"]
[Black "AlexandraBotez"]
[Result "0-1"]
[WhiteElo "2419"]
[BlackElo "2301"]
[TimeControl "180+1"]
[EndTime "15:14:45 PDT"]
[Termination "AlexandraBotez won by resignation"]

1. b3 Nf6 2. Bb2 d5 3. Nf3 c5 4. g3 Nc6 5. Bg2 Bf5 6. d3 Qd7 7. h3 h5 8. Nbd2 g6 9. e3 Bg7 10. e4 Be6 11. Ng5 d4 12. Nxe6 Qxe6 13. f4 O-O 14.
Qe2 b5 15. a4 a6 16. O-O Nb4 17. Nf3 Rfd8 18. Rf2 Rab8 19. Ng5 Qc8 20. f5 Nh7 21. Nxh7 Kxh7 22. axb5 axb5 23. Raf1 Qc7 24. Bc1 Ra8 25.
fxg6+ fxg6 26. Rf7 Rf8 27. e5 Rxf7 28. Rxf7 Rf8 29. Rxf8 Bxf8 30. Qf2 Bg7 31. e6 Qe5 32. Bf4 Qxe6 33. Be4 Nd5 34. Bg5 Nf6 35. Bxf6 Bxf6 36. Qf3 Qxh3 37. Bc6 Qe6 38. Bxb5 Qe1+ 39. Qf1 Qe3+ 40.
Kg2 Kg7 41. Bc4 h4 42. gxh4 Qd2+ 43. Qf2 Qxf2+ 44. Kxf2 Bxh4+ 45. Kf3 Kf6 46. Kg4 Bf2 47. Bd5 Be1 48. Bg2 g5 49. Kf3 Kf5 50. Bh3+ Ke5 51.
Bg4 Bd2 52. Ke2 Bf4 53. Kf3 Kd5 54. Bc8 Ke5 55. Kg4 Bc1 56. Bb7 e6 57. Be4 Be3 58. Kf3 Kf6 59. Kg4 e5 60. Kh5 Bf4 61. Bf3 Ke7 62. Kg6 Kd6 63. Kf6 Kc7 64. Ke6 Kb6 65.
Kd5 Kb5 66. Bg4 Kb4 67. Kc6 Bh2 68. Bf3 Bf4 69. Kd5 Bg3 70. Bg4 Be1 71. Kxe5 Kc3 72. Kd5 Kxc2 73. Kc4 Bb4 74. Bf5 Kd2 75. Kd5 Ke3 76.
Ke5 Kf3 77. Be4+ Kg3 78. Kf5 Kh4 79. Bf3 Bd2 80. Ke4 Kg3 81. Bh5 Kh4 82. Be2 g4 83.
Bf1 Kg3 84. Kf5 Kf2 85. Kxg4 Kxf1 86. Kf5 Bb4 87. Ke4 Ke2 88. Kd5 Kxd3 89. Ke5 Kc3 0-1

[Event "Late-Titled-Tuesday-Blitz-October-10-2023"]
[Site "Chess.com"]
[Date "2023.10.10"]
[Round "7"]
[White "Sulthankan"]
[Black "tgpgoat"]
[Result "1/2-1/2"]
[WhiteElo "2366"]
[BlackElo "2535"]
[TimeControl "180+1"]
[EndTime "15:15:25 PDT"]
[Termination "Game drawn - insufficient material"]

1. d4 Nf6 2. c4 c5 3. dxc5 e6 4. Nc3 Bxc5 5. Nf3 O-O 6. e3 d5 7. cxd5 exd5 8. Be2 Nc6 9. O-O d4 10. Na4 Bb6 11. Nxb6 Qxb6 12. Nxd4 Rd8 13. Qb3 Nxd4 14.
exd4 Qxb3 15. axb3 Rxd4 16. Be3 Rb4 17. Rfc1 Be6 18.
Bxa7 Bxb3 19. Bc5 Rba4 20. Rxa4 Rxa4 21. Bf3 Nd5 22. g3 g6 23. Kg2 h5 24. h4 Nf6 25.
Bxb7 Nd5 26. Bc6 Re4 27. Bb5 Re6 28. Bd4 f6 29. Bd3 Kf7 30. Ra1 Ne7 31. Bc5 Bd5+ 32.
Kg1 Nc6 33. b4 Ne5 34. Be2 f5 35. Ra7+ Ke8 36. Bb5+ Bc6 37. Bxc6+ Nxc6 38. Rg7 Ne5 39. Ra7 Nf3+ 40. Kg2 Ne5 41. Kf1 Nd3 42. Ra8+ Kd7 43.
Ra7+ Kc6 44. Ra6+ Kd5 45. Rxe6 Kxe6 46. Be3 Nxb4 47. Bf4 Nd5 48. Bd2 Ne7 49. Ke2 Nc6 50. Kf3 Ne5+ 51. Ke2 Nf7 52. Bf4 Kd5 53. Kf3 Nd8 54. Bd2 Ne6 55. Bf4 Nd4+ 56. Ke3 Nc2+ 57. Kf3 Kd4 58. Bd2 Kd3 59. Bg5 Nd4+ 60. Kf4 Ne2+ 61.
Kf3 Ng1+ 62. Kg2 Ne2 63. Kf3 Nd4+ 64. Kg2 Ke4 65. Be3 Nf3 66. Bf4 Ne1+ 67. Kf1 Nd3 68.
Be3 Kf3 69. Bb6 Ne5 70. Bc7 Ng4 71. Bb6 Nh2+ 72. Kg1 Ng4 73. Kf1 f4 74. gxf4 Kxf4 75. Kg2 Nf6 76. Bc7+ Kf5 77. Bd8 Ne4 78. f3 Nd2 79.
Bg5 Nc4 80. Kg3 Ne5 81. Be3 Nf7 82. Bf4 Nd8 83. Bc7 Ne6 84. Bb6 g5 85. hxg5 Nxg5 86. Bd8 Ne6 87. Be7 Kg6 88. Kh4 Ng7 89. Bb4 Nf5+ 90.
Kh3 Nd4 91. Kg3 Kf5 92. Ba5 Ne6 93. Kh4 Kg6 94. Kg3 Kg5 95. Bc3 Kf5 96. Bd2 Nf8 97. Be3 Ng6 98. Bg1 Ne5 99. Ba7 Nd3 100. Kh4 Kg6 101. Kg3 Ne1 102. Bf2 Nc2 103. Ba7 Nb4 104. Bb8 Nd5 105. Bd6 Nf6 106. Be5 Ng8 107. Bb2 Nh6 108. Kh4 Nf5+ 109. Kh3 Kg5 110. Bc1+ Kf6 111. Bf4 Ke6 112. Kg2 Kd5 113. Bg5 Kd4 114. Kf2 Kd3 115. f4 Ke4 116. Kg2 Ke3 117. Kh3 Kf3 118. Kh2 Kg4 119. Kg2 h4 120. Bxh4 Kxh4 121. Kf2 Kg4 122. Ke2 Kxf4 1/2-1/2

[Event "Late-Titled-Tuesday-Blitz-October-10-2023"]
[Site "Chess.com"]
[Date "2023.10.10"]
[Round "7"]
[White "sergoy"]
[Black "Byniolus"]
[Result "1/2-1/2"]
[WhiteElo "2962"]
[BlackElo "2720"]
[TimeControl "180+1"]
[EndTime "15:15:35 PDT"]
[Termination "Game drawn by repetition"]

1. d4 d6 2. Nf3 Bg4 3. Nc3 Nf6 4. e4 e6 5. Be2 Be7 6. h3 Bh5 7. Be3 d5 8. e5 Nfd7 9. Nd2 Bg6 10. Nb3 c5 11. Nxc5 Nxc5 12. dxc5 Nc6 13. Nb5 O-O 14. f4 Bh4+ 15. Kf1 f6 16. exf6 Qxf6 17.
c3 Rad8 18. Kg1 Bg3 19. Qd2 e5 20. Nd6 d4 21. Bc4+ Kh8 22. cxd4 exd4 23. Bf2 Bxf4 24. Qe1 d3 25. Rd1 Bxd6 26. cxd6 Rde8 27. Qf1 Ne5 28. Bb3 Qxd6 29. Rd2 Be4 30. Qe1 Qg6 31.
Bg3 Nc6 32. Rf2 h6 33. Kh2 Nd4 34. Ba4 Rxf2 35. Qxf2 Rd8 36. Be5 Ne2 37. Bb3 a6 38.
Bd1 Re8 39. Bxe2 dxe2 40. Bc3 Bc6 41. Re1 Qd6+ 42. Qg3 Qxg3+ 43. Kxg3 Bb5 44. Kf2 Bc4 45. b3 Bd3 46. Rc1 Kh7 47. Be1 a5 48. Rc7 Ba6 49. Bc3 Rf8+ 50. Ke3 Rg8 51. Be1 Kg6 52. Kf2 Rf8+ 53.
Ke3 Re8+ 54. Kf2 Rf8+ 55. Ke3 Rf1 56. Kd2 Rg1 57. g4 Rh1 58. h4 Rg1 59. h5+ Kf6 60. Bh4+ Ke6 61. Rxg7 Rd1+ 62. Kc3 Kd6 63. Rg6+ Kd5 64.
Rxh6 Rh1 65. Bf2 Rf1 66. Bh4 Rh1 67. Bf2 e1=Q+ 68. Bxe1 Rxe1 69. g5 Re3+ 70. Kd2 Rg3 71. g6 Kd4 72. Rh8 Rg2+ 73. Ke1 Bd3 74. Rd8+ Ke3 75.
Re8+ Be4 76. Rf8 Rg5 77. Rf1 Rxh5 78. Rg1 Rh8 79. g7 Rg8 80. Kd1 Bd3 81. Kc1 Kd4 82. Kb2 Be4 83. Rg5 b6 84. a3 Bd5 85. b4 a4 86.
Rg4+ Ke5 87. Kc3 Rc8+ 88. Kd3 Bg8 89. Rg6 Rb8 90. Kc3 Kf5 91. Rg3 Kf6 92. b5 Rc8+ 93.
Kd3 Rc5 94. Rg4 Rxb5 95. Rxa4 Kxg7 96. Kd4 Kf6 97. Ra7 Be6 98. a4 Rd5+ 99. Kc3 Rc5+ 100. Kb4 Ke5 101. a5 Rc4+ 102. Kb5 bxa5 103. Rxa5 Bd5 104. Kb6 Kd6 105. Ra1 Rb4+ 106. Ka5 Rb8 107. Rc1 Bc6 108. Rd1+ Kc7 109. Rc1 Rb5+ 110. Ka6 Rb4 111. Rc5 Kd6 112. Rc1 Bd5 113. Ka5 Rb7 114. Rc2 Bc6 115. Rd2+ Kc7 116. Rc2 Rb5+ 117. Ka6 Rb1 118. Ka5 Rb8 119. Rc1 Rb5+ 120. Ka6 Rb2 121. Ka5 Rb5+ 1/2-1/2

[Event "Late-Titled-Tuesday-Blitz-October-10-2023"]
[Site "Chess.com"]
[Date "2023.10.10"]
[Round "8"]
[White "Jospem"]
[Black "DanielNaroditsky"]
[Result "1/2-1/2"]
[WhiteElo "3134"]
[BlackElo "3177"]
[TimeControl "180+1"]
[EndTime "15:17:21 PDT"]
[Termination "Game drawn by agreement"]

1. e4 e5 2. Nf3 Nc6 3. Nc3 Nf6 4. h3 d5 5. exd5 Nxd5 6. Bb5 Nxc3 7. bxc3 Bd6 8. O-O O-O 9. d4 exd4 10. cxd4 Bf5 11.
Bg5 Be7 12. Bxe7 Qxe7 13. c3 1/2-1/2

[Event "Late-Titled-Tuesday-Blitz-October-10-2023"]
[Site "Chess.com"]
[Date "2023.10.10"]
[Round "8"]
[White "lamomiajunior"]
[Black "temus_galaktionov"]
[Result "1-0"]
[WhiteElo "2755"]
[BlackElo "2868"]
[TimeControl "180+1"]
[EndTime "15:18:31 PDT"]
[Termination "lamomiajunior won by resignation"]

1. d4 c6 2. e4 g6 3. Nc3 d6 4. Be3 Bg7 5. Qd2 Nd7 6. Nf3 e5 7. Bc4 Ngf6 8. Bh6 O-O 9. Bxg7 Kxg7 10. a4 Qa5 11. O-O Re8 12. Rfe1 exd4 13. Qxd4 Qc5 14. Rad1 Qxd4 15. Nxd4 Nc5 16. f3 a5 17. Nb3 Nxb3 18. Bxb3 Rd8 19. e5 Ne8 20. exd6 Nxd6 21. Ne4 Be6 22.
Nxd6 Bxb3 23. cxb3 Rd7 24. Nf5+ 1-0